Mandevil, lawful female dwarven Archeologist )[ --------------------------------- --------- |...............................| |.......| |.---- .----- ----+--(.-----..| |..<....| |.|( -.| / ..|.((|..|# #........| |.| ((|.| .|((.|..-)###########----.---- |.- ((|.|$) -.|.$.|..|# # |. $ |.| |.---|-..| # [ |. - --.----- |........| #### |.........?-..| - -----..-----.| |-.- |. - --..|..| |........-$. |.| |.>.| |.- [|.----| ) -....| (|.| |^..| |.| |$| %.|--- % ----.-----.| |...| |.| ----.|...|..|($( |.......| ----- |.|? |....-$.?|..| (( )+!......| |.----....-----)---------.....@.| |......i...F.....!@.ohTj.; .....| --------------------------------- Mandevil the Investigator Experience level: 6 Strength: 12 Dexterity: 9 Constitution: 15 Intelligence: 14 Wisdom: 16 Charisma: 9 Health: 0(66) Energy: 29(29) AC: 8 Gold: 0 Moves: 3066 Your Inventory: Weapons a - an uncursed +2 bullwhip (alternate weapon; not wielded) n - an [uncursed +0] sling A - an [uncursed +0] dart M - 2 [uncursed +0] crude daggers [orcish] (in quiver) P - 3 [uncursed] poisoned [+0] crude arrows [orcish] Armor b - an uncursed +0 leather jacket (being worn) c - an uncursed +0 fedora r - an [uncursed] +0 iron skull cap [orcish helm] (being worn) J - an [uncursed +0] iron skull cap [orcish helm] K - a [blessed +1] iron skull cap [orcish helm] N - a [cursed +0] iron skull cap [orcish helm] Comestibles d - an uncursed food ration l - an [uncursed] tripe ration Scrolls z - a [cursed] scroll labeled YUM YUM [of enchant weapon] I - a [blessed] scroll of teleportation Spellbooks v - an [uncursed] faded spellbook [of cancellation] Potions t - an [uncursed] potion of speed Rings y - a [cursed -1] tiger eye ring [of gain dexterity] Wands q - an [uncursed] wand of undead turning [0:6] Tools e - an uncursed +0 pick-axe (weapon in hand) f - an uncursed tinning kit (0:59) h - an uncursed sack k - an [uncursed] credit card m - a cursed [magic] lamp called magic lamp p - an [uncursed] drum [leather] w - an [uncursed] tin whistle B - a [blessed oil] lamp called oil lamp Gems g - an uncursed touchstone o - an [uncursed] aquamarine stone Spells known in the end: Name Level Category Fail Memory Your skills at the end: Fighting Skills Weapon Skills pick-axe [Skilled / Expert] sling [Basic / Skilled] whip [Basic / Expert] Spellcasting Skills Final Attributes: You were piously aligned. Hunger level was 815. Your alignment was 22 / 25. Monster difficulty range was 1 - 6. Level difficulty was 7. You were hallucinating. You had infravision. You were stealthy. You were fast. Your luck was zero. You are dead. Vanquished creatures: a small mimic a quivering blob a homunculus a kobold lord 5 hill orcs a giant bat a killer bee a hobbit a large kobold a hobgoblin a green mold 2 geckos 6 jackals a kobold a goblin 7 grid bugs 2 bats 2 lichens 3 newts and a partridge in a pear tree 39 creatures vanquished. Voluntary challenges: You were an atheist. You used a wielded weapon 119 times. You read items or engraved 185 times. You put on armor 3 times. You never genocided any monsters. You never polymorphed an object. You never changed form. You used no wishes. You wrote Elbereth's name 131 times. You never encountered a bones level. You never used any Sokoban shortcuts. Dungeon overview: The Dungeons of Doom: levels 1 to 4 Level 1 a fountain a long staircase Level 3 a potion shop, some fountains Level 4 a delicatessen stairs to The Gnomish Mines The Gnomish Mines: levels 5 to 7 Level 5 stairs to The Dungeons of Doom Level 7 <- You were here some shops, a fountain History has recorded: On T:1 you entered the Dungeons of Doom to retrieve the Amulet of Yendor! On T:292 you reached level 2 of The Dungeons of Doom. On T:349 you advanced to experience level 2. On T:642 you advanced to experience level 3. On T:698 you reached level 3 of The Dungeons of Doom. On T:730 you advanced to experience level 4. On T:1035 you reached level 4 of The Dungeons of Doom. On T:1240 you reached level 1 of The Gnomish Mines. On T:1305 you reached level 2 of The Gnomish Mines. On T:1401 you reached level 3 of The Gnomish Mines. On T:1475 you advanced to experience level 5. On T:1856 you advanced to experience level 6. Latest messages: The dart hits the frosted giant. The black unicorn bites! [HP-16=25] You add "Elbereth" with your fingers to the writing in the dust. Something is written here in the dust. You read: "Ekb[y]tvSlb`reth-CV*re_|". You see here a dart. Something is written here in the dust. You read: "Ekb[y]tvSlb`reth-CV*re_|". You see here a dart. You add "Elbereth" with your fingers to the writing in the dust. The Evil Iggy bites! The tridude hits! The long worm hits! The newt bites! [HP-14=11] You add "Elbereth" with your fingers to the writing in the dust. The Professor Abdullah Nightingale bites! The jackal hits! The teenage mutant ninja turtle hits! The stone golem bites! You die... The sack is empty. Final status: Goodbye Mandevil the Archeologist... You died in The Gnomish Mines on dungeon level 7 with 1826 points, and 0 pieces of gold, after 3066 moves. You were level 6 with a maximum of 66 hit points when you died.